[Event "*** Titled Tuesday 3|2 Blitz"]
[Site "Chess.com"]
[Date "2017.05.02"]
[Round "6"]
[White "Abrito99"]
[Black "martinique24"]
[Result "1-0"]
[WhiteElo "2296"]
[BlackElo "2415"]
[TimeControl "180+2"]
[EndTime "14:17:55 PDT"]
[Termination "Abrito99 won by resignation"]

1. e4 e5 2. Nf3 Nc6 3. Bc4 Nf6 4.
d3 Be7 5. O-O O-O 6. Re1 h6 7. a4 Kh8 8. c3 d6 9. h3 a6 10. d4 Ng8 11. dxe5 dxe5 12. Bd5 Bd6 13. Nbd2 Nce7 14. Bb3 f5 15. exf5 Bxf5 16. Nxe5 Bxe5 17. Rxe5 Ng6 18. Re1 Nf4 19. Nf3 Nd3 20. Re3 Bh7 21.
Bc2 Nxc1 22. Qxc1 Qf6 23. Bxh7 Kxh7 24. Qc2+ Kh8 25. Rae1 b5 26. Re6 Qf5 27. Qb3 bxa4 28. Qxa4 a5 29. R6e5 Qf4 30. R5e4 Qd6 31. Rd4 Qf6 32.
Re5 Rab8 33. b3 Qg6 34. Kh2 Qc2 35. Qxa5 Rxb3 36. Qxc7 Rxf3 37. Re8 Qxf2 38. Rdd8 Qg3+ 39. Qxg3 Rxg3 40. Rxg8+ Kh7 41. Kxg3 Rxc3+ 42. Kh2 Rc2 43. Rge8 h5 44. Re7 1-0

[Event "*** Titled Tuesday 3|2 Blitz"]
[Site "Chess.com"]
[Date "2017.05.02"]
[Round "6"]
[White "ChristopherYoo"]
[Black "DryCounty"]
[Result "0-1"]
[WhiteElo "2238"]
[BlackElo "2462"]
[TimeControl "180+2"]
[EndTime "14:17:56 PDT"]
[Termination "DryCounty won by resignation"]

1. e4 e5 2. Nf3 Nc6 3. Bb5 a6 4. Ba4 Nf6 5. O-O Nxe4 6. d4 b5 7. Bb3 d5 8. dxe5 Be6 9. c3 Nc5 10.
Bc2 Bg4 11. Bf4 Be7 12. Nbd2 Qd7 13. h3 Bh5 14. Nb3 Ne6 15. Bh2 Rd8 16. Nbd4 Ncxd4 17. cxd4 Bxf3 18. gxf3 Bg5 19. Bf5 g6 20. Bxe6 fxe6 21.
f4 Be7 22. Qg4 O-O 23. Kh1 Rf5 24. Rg1 c5 25. dxc5 Bxc5 26. Rg2 d4 27. h4 Kh8 28.
Rd1 d3 29. Qf3 Qd5 30. Qxd5 Rxd5 31. Rg3 d2 32. Rf3 Rf7 33. Kg2 Bb4 34. Kf1 Rxe5 35.
fxe5 Rxf3 36. Ke2 Rf7 37. a3 Ba5 38. b4 Bb6 39. Bg3 Rd7 40. Rxd2 Rxd2+ 41. Kxd2 Kg7 42. Kd3 Kh6 43. Ke4 Kh5 44. f3 Bd8 45. Kd4 Bxh4 46. Bf4 Bf2+ 47. Kd3 g5 48. Bd2 Kg6 49. Ke4 h5 50. f4 gxf4 51. Bxf4 h4 52. Kf3 Bd4 53. Kg4 Bb2 54. Kxh4 Kf5 55. Bg5 Bxa3 56. Be7 Kxe5 57. Kg5 Kd5 58. Kf4 Kc4 59. Ke5 Bxb4 60. Bg5 a5 61. Kxe6 a4 62. Bc1 a3 63. Kd7 a2 64.
Bb2 Bc3 0-1

[Event "*** Titled Tuesday 3|2 Blitz"]
[Site "Chess.com"]
[Date "2017.05.02"]
[Round "6"]
[White "grzechu96"]
[Black "sorito"]
[Result "1-0"]
[WhiteElo "2392"]
[BlackElo "2379"]
[TimeControl "180+2"]
[EndTime "14:18:03 PDT"]
[Termination "grzechu96 won by resignation"]

1. e4 c5 2. Nf3 a6 3. c4 Nc6 4. d4 cxd4 5. Nxd4 e5 6. Nf5 Nf6 7.
Nc3 d6 8. Bd3 Bxf5 9. exf5 Rc8 10.
O-O Be7 11. Bg5 O-O 12. Ne2 Nd7 13. Be3 Nc5 14. Bxc5 dxc5 15. Be4 Nd4 16. Nc3 Qd6 17. Qg4 b5 18. Bd5 Kh8 19. Ne4 Qd7 20. Ng3 g6 21.
Qe4 gxf5 22. Qxe5+ f6 23. Qe3 Bd6 24. f4 Rce8 25.
Qd3 b4 26. a3 a5 27. axb4 axb4 28. Ra6 Re7 29. Rb6 Rg7 30. Rb7 Qc8 31. Rxg7 Kxg7 32.
Ra1 Re8 33. Ra7+ Re7 34. Ra8 Qd7 35. Rg8+ Kh6 36. Qd1 Ne2+ 37. Nxe2 Re8 38. Rxe8 Qxe8 39. Kf2 Qh5 40. Kg1 Qe8 41. Qd2 Qd8 42. Qe3 Qa5 43.
h3 Qa1+ 44. Kh2 Qf1 45. Qf3 Qe1 46. Ng3 Bc7 47. Qh5+ Kg7 48. Qf7+ 1-0

[Event "*** Titled Tuesday 3|2 Blitz"]
[Site "Chess.com"]
[Date "2017.05.02"]
[Round "6"]
[White "jcibarra"]
[Black "LawrenceTrent"]
[Result "1-0"]
[WhiteElo "2649"]
[BlackElo "2421"]
[TimeControl "180+2"]
[EndTime "14:18:07 PDT"]
[Termination "jcibarra won by resignation"]

1. d4 Nf6 2. Bf4 e6 3. Nf3 c5 4. e3 Nc6 5. c3 d5 6. Nbd2 cxd4 7.
exd4 Nh5 8. Bg5 f6 9. Be3 Bd6 10. g3 O-O 11. Nh4 g6 12. Be2 Ng7 13. Ndf3 g5 14.
Ng2 Nf5 15. Bc1 Nce7 16. Bd3 Rf7 17. g4 Nh6 18. h4 Nxg4 19. hxg5 f5 20. Bf4 Ng6 21.
Bxd6 Qxd6 22. Qd2 Bd7 23. O-O-O b5 24. Nfh4 b4 25. cxb4 Rb8 26. Nxg6 hxg6 27. f3 Nh2 28. Nh4 Qxb4 29. Qxb4 Rxb4 30. Rxh2 Rh7 31. Bc2 Kf7 32.
Rdh1 Rxd4 33. Nxg6 Rxh2 34. Ne5+ Ke7 35. Rxh2 Be8 36. Rg2 Kd6 37. Nd3 Bg6 38. f4 Bh5 39.
g6 Bxg6 40. Rxg6 Re4 41. Kd2 d4 42. Bb3 Re3 43. Rxe6+ Rxe6 44. Bxe6 Kxe6 45. Nf2 1-0

[Event "*** Titled Tuesday 3|2 Blitz"]
[Site "Chess.com"]
[Date "2017.05.02"]
[Round "6"]
[White "IIIlllII1llIl"]
[Black "Storne89"]
[Result "0-1"]
[WhiteElo "2541"]
[BlackElo "2504"]
[TimeControl "180+2"]
[EndTime "14:18:21 PDT"]
[Termination "Storne89 won by checkmate"]

1. e4 e5 2. Nf3 Nc6 3. Bb5 a6 4.
Ba4 Nf6 5. O-O Be7 6. Re1 b5 7.
Bb3 d6 8. c3 O-O 9. h3 Na5 10.
Bc2 c5 11. d4 Nd7 12. Nbd2 exd4 13. cxd4 Nc6 14. d5 Nce5 15. Nxe5 Nxe5 16. f4 Ng6 17.
Qh5 Nxf4 18. Qf3 Ng6 19. e5 Bb7 20. e6 fxe6 21. Qh5 Bxd5 22. Nf1 Rf6 23. Ne3 Bc6 24. Ng4 Qf8 25. Bg5 Rf5 26. Bxf5 Qxf5 27. h4 Nf4 28. Ne3 Nxh5 29. Nxf5 Bxg5 30. Rxe6 Bf6 31. Rd1 Bd7 32. Rexd6 Bxf5 33. R1d5 Bg4 34. Rc6 Bd4+ 35. Kh2 Nf6 36. Rg5 h6 37. Rg6 Kh7 38. Rcxf6 Bxf6 39. Rxg4 Bxb2 40.
Re4 Rd8 41. Re6 c4 42. Rxa6 c3 43. Rc6 Rd2 44. Kh3 c2 45. g4 c1=Q 46. g5 Qh1+ 47. Kg4 Qe4+ 48. Kh5 Qf3# 0-1

[Event "*** Titled Tuesday 3|2 Blitz"]
[Site "Chess.com"]
[Date "2017.05.02"]
[Round "6"]
[White "olgerts_indricans"]
[Black "Abdodi"]
[Result "0-1"]
[WhiteElo "2249"]
[BlackElo "2063"]
[TimeControl "180+2"]
[EndTime "14:18:23 PDT"]
[Termination "Abdodi won by resignation"]

1. e4 c6 2. Nc3 d5 3. Nf3 g6 4. exd5 cxd5 5. Ne5 a6 6. Qf3 Nf6 7. d4 Nc6 8. Nxc6 bxc6 9. Bg5 Bg7 10.
Bd3 O-O 11. O-O Qb6 12. Be3 Qxb2 13. Na4 Qa3 14. Nc5 Nd7 15. Nb3 e5 16. Qd1 a5 17.
Bc1 Qd6 18. a4 Re8 19. Ba3 Qc7 20. c4 dxc4 21. Bxc4 exd4 22. Nxd4 Ba6 23. Rc1 c5 24. Nb5 Bxb5 25. Bxb5 Red8 26. Qf3 Ne5 27. Qg3 Qb8 28. Bxc5 Nd3 29. Qf3 Nxc1 30. Rxc1 Rc8 31. h4 Ra7 32. h5 Rac7 33. Qe3 Bf8 34. hxg6 hxg6 35. Rd1 Bxc5 36. Qg3 Re7 37. Bc4 Qxg3 38. Bb5 Qxf2+ 39. Kh1 Kg7 0-1

[Event "*** Titled Tuesday 3|2 Blitz"]
[Site "Chess.com"]
[Date "2017.05.02"]
[Round "6"]
[White "bilelou"]
[Black "Astaneh"]
[Result "1-0"]
[WhiteElo "2415"]
[BlackElo "2470"]
[TimeControl "180+2"]
[EndTime "14:18:50 PDT"]
[Termination "bilelou won by resignation"]

1. e4 e5 2. Qh5 Nc6 3. Bc4 g6 4.
Qf3 Qf6 5. Qd1 Bg7 6. d3 Qd8 7. Ne2 Nge7 8. O-O d5 9. exd5 Nxd5 10. Nbc3 Nb6 11. Bb3 O-O 12. a4 a6 13. a5 Nd7 14. f4 Nc5 15. Bc4 Be6 16. Bxe6 Nxe6 17. f5 Ned4 18. Ng3 Nb4 19. Rf2 Re8 20. Nce4 Nd5 21.
c3 Nc6 22. Qf3 Nf4 23. Bxf4 exf4 24. Qxf4 Ne5 25. fxg6 fxg6 26. d4 Nd3 27. Qf7+ Kh8 28. Rd2 Rf8 29. Qc4 Nf4 30. Rf1 c6 31. Nc5 Qe7 32.
Rdf2 Nd5 33. Qe2 Rxf2 34. Rxf2 Re8 35. Qxe7 Rxe7 36. Re2 Bf6 37. Rxe7 Bxe7 38. Nxb7 Ne3 39. Ne4 Kg7 40. Nbc5 Nc4 41. b4 Kf7 42. Nxa6 Ke6 43. Nac5+ Kf5 44. a6 Nb6 45. a7 Na8 46. Kf2 Bd8 47.
Nd6+ Kf6 48. Nc4 Ke7 49. Ke3 Bc7 50. h3 Bg3 51. Ke4 Be1 52. Kd3 Kd8 53. Ne5 Kc7 54. Ne6+ Kb6 55. Nf8 Kxa7 56. Nxh7 Kb6 57. Nxg6 Nc7 58.
Nf4 Nb5 59. Ne2 Kc7 60. Ng5 Kd7 61. Nf3 Bf2 62. c4 Nc7 63. h4 Ke6 64. h5 Kf5 65. Ne5 Kg5 66. Nxc6 Kxh5 67. b5 Kg6 68. b6 Na6 69. c5 Kf6 70. b7 1-0

[Event "*** Titled Tuesday 3|2 Blitz"]
[Site "Chess.com"]
[Date "2017.05.02"]
[Round "6"]
[White "iturrizaga"]
[Black "MagnusCarlsen"]
[Result "0-1"]
[WhiteElo "2674"]
[BlackElo "2989"]
[TimeControl "180+2"]
[EndTime "14:19:06 PDT"]
[Termination "MagnusCarlsen won on time"]

1. Nf3 Nf6 2. c4 g6 3. g3 b6 4. Bg2 Bb7 5. O-O Bg7 6. Nc3 O-O 7. Re1 c5 8. e4 Nc6 9. d3 d6 10. h3 Nd7 11. Be3 Nde5 12. Nh2 Nd4 13. f4 Nec6 14. g4 e6 15. Nf3 Qd7 16. Qd2 Nxf3+ 17. Bxf3 Nd4 18.
Bg2 f5 19. Rf1 Rae8 20. Rae1 a6 21. Ne2 b5 22. Bxd4 cxd4 23. cxb5 Qxb5 24. Ng3 fxg4 25.
hxg4 a5 26. Rf2 Ba6 27. Rf3 Rc8 28. g5 Rc5 29. Bh3 Bc8 30. Ref1 Qc6 31. R3f2 Qc7 32.
Qe2 a4 33. Qd1 Bd7 34. Bg4 Qd8 35. Qd2 Qe7 36. Rh2 Rfc8 37. Bd1 Bb5 38. Rh1 Rc1 39. Qh2 Bh8 40. Qd2 Rb1 41. Kg2 Rbc1 42. Rh2 a3 43. bxa3 R1c3 44. Rf3 Qd7 45. Bb3 Ba4 46. Bxa4 Qxa4 47.
Rf2 Qxa3 48. f5 Rxd3 49. Qf4 Be5 0-1

[Event "*** Titled Tuesday 3|2 Blitz"]
[Site "Chess.com"]
[Date "2017.05.02"]
[Round "6"]
[White "hermionegrangermagic"]
[Black "PaulfromSPb"]
[Result "0-1"]
[WhiteElo "2287"]
[BlackElo "2571"]
[TimeControl "180+2"]
[EndTime "14:19:07 PDT"]
[Termination "PaulfromSPb won by checkmate"]

1. e4 c5 2. Nf3 d6 3. d4 cxd4 4. Nxd4 Nf6 5. Nc3 a6 6. a4 e5 7.
Nf3 Be7 8. Bc4 O-O 9. Bg5 Nbd7 10. O-O Qc7 11. Ba2 b6 12. Nd2 Bb7 13. Qe2 h6 14.
Be3 Nc5 15. f3 Ne6 16. Qf2 Nd7 17. Bd5 Bg5 18. Bxg5 hxg5 19. Bxb7 Qxb7 20. Nd5 Nf6 21. Nxf6+ gxf6 22. Nc4 Rfd8 23. Ne3 Rac8 24. Qg3 Nf4 25. Rf2 d5 26. h4 Qe7 27. Nf5 Qc5 28. Re1 Ne6 29.
hxg5 Nxg5 30. Qh4 Qf8 31. g3 dxe4 32. fxe4 Rxc2 33. Qh5 Rxf2 34. Kxf2 Rd2+ 35. Kf1 Qd8 36. Nh6+ Kf8 37. Re2 Qd3 38. Nf5 Qxe2+ 39. Qxe2 Rxe2 40.
Kxe2 Nxe4 41. g4 Nc5 42. a5 bxa5 43. Nd6 Ke7 44. Nc4 a4 45. Kd2 Ke6 46. Kc3 f5 47.
gxf5+ Kxf5 48. Kb4 Nb7 49. Kxa4 Ke4 50. Kb4 f5 51.
Kc3 f4 52. Kd2 Kd4 53. Nb6 e4 54. Ke2 f3+ 55. Kf2 Nc5 56. b4 Nd3+ 57. Kg3 Nxb4 58. Na4 Nd3 59. Nb6 a5 60. Nd7 Nc5 61. Nf6 a4 62.
Nh5 a3 63. Kf2 a2 64. Ng3 a1=Q 65. Nf5+ Ke5 66. Ne3 Nd3+ 67. Kg3 Qg1+ 68. Kh4 Qxe3 69. Kg4 Nf2+ 70. Kg3 Nd3 71. Kg4 Qg1+ 72. Kh5 Kf5 73.
Kh6 Qg6# 0-1

[Event "*** Titled Tuesday 3|2 Blitz"]
[Site "Chess.com"]
[Date "2017.05.02"]
[Round "6"]
[White "yurisolo"]
[Black "platy3"]
[Result "0-1"]
[WhiteElo "2521"]
[BlackElo "2646"]
[TimeControl "180+2"]
[EndTime "14:19:15 PDT"]
[Termination "platy3 won by resignation"]

1. e4 c5 2. Nf3 e6 3. d4 cxd4 4.
Nxd4 Nc6 5. Nc3 Qc7 6. Be3 a6 7. Qd2 Nf6 8. O-O-O Be7 9. f3 h5 10. Qf2 Ne5 11. Kb1 b5 12. Qg3 h4 13. Qxg7 Ng6 14.
Bxb5 axb5 15. Ndxb5 Qb8 16. Nd6+ Bxd6 17. Rxd6 Qxd6 18.
Qxf6 Qe5 19. Qxe5 Nxe5 20. Nb5 Ra5 21. Nc7+ Ke7 22. Bb6 Ra6 23. Nxa6 Bxa6 24. Bd4 f6 25. h3 Rg8 26. Rg1 Bb7 27. a4 d5 28. exd5 Bxd5 29. b3 Nf7 30. a5 e5 31. Bc5+ Ke6 32. a6 Nd6 33. c4 Bc6 34. a7 Ra8 35. Bf2 Nc8 36. Kb2 Nxa7 37. Ra1 Rg8 38. Bxa7 Rxg2+ 39. Kc3 Bxf3 40. Rg1 Rg3 41. b4 Rxh3 42. b5 Rg3 43. Kb4 Rxg1 44. Bxg1 Kd7 45. c5 f5 46. Kc4 f4 47.
Bh2 Bh1 48. Kb4 Ke6 49. c6 f3 50. Bg1 h3 51. b6 h2 52. Bxh2 f2 53. b7 f1=Q 54.
c7 Bxb7 0-1

[Event "*** Titled Tuesday 3|2 Blitz"]
[Site "Chess.com"]
[Date "2017.05.02"]
[Round "6"]
[White "GM_Huschenbeth"]
[Black "Schemato"]
[Result "1-0"]
[WhiteElo "2357"]
[BlackElo "2293"]
[TimeControl "180+2"]
[EndTime "14:19:21 PDT"]
[Termination "GM_Huschenbeth won by resignation"]

1. e4 e6 2. d4 d5 3. Nd2 Be7 4. e5 b6 5. Qg4 Bf8 6. Ngf3 Ne7 7. b3 Nf5 8. Bd3 h5 9. Qh3 g6 10. g4 Ng7 11. Rg1 Ba6 12. c4 Nc6 13. Bb2 Qd7 14. Be2 Nb4 15. Kf1 dxc4 16. Ne4 Be7 17. Nf6+ Bxf6 18. exf6 O-O-O 19. fxg7 Rh7 20. gxh5 Nd3 21. Ne5 Qe7 22. Nxd3 cxd3 23. Bxd3 Bxd3+ 24. Qxd3 Rxh5 25. d5 Rhxd5 26. Qf3 Rg8 27. Bf6 Qd6 28. h4 Kb8 29. Rg3 Rf5 30. Qc3 e5 31. Bg5 Rxg7 32.
Rd3 Qe6 33. Rd8+ Kb7 34. Rc1 c5 35. b4 f6 36. Be3 Rc7 37. bxc5 e4 38. Qb4 Qe5 39. c6+ Ka6 40. Qa4+ Qa5 41. Qc2 Qb5+ 42. Kg2 Rd5 43. Rxd5 Qxd5 44. Qa4+ Qa5 45. Qxa5+ Kxa5 46. Kg3 Kb5 47. Bd4 f5 48. Kf4 a5 49. Kg5 a4 50. Kxg6 Rxc6+ 51. Rxc6 Kxc6 52. h5 b5 53. h6 Kd5 54. Bf6 f4 55. h7 e3 56. fxe3 f3 57. h8=Q Ke4 58. Qa8+ Kxe3 59. Bg5+ Ke2 60. Qe4+ 1-0

[Event "*** Titled Tuesday 3|2 Blitz"]
[Site "Chess.com"]
[Date "2017.05.02"]
[Round "6"]
[White "Blitzstream"]
[Black "severomorskij"]
[Result "1/2-1/2"]
[WhiteElo "2469"]
[BlackElo "2671"]
[TimeControl "180+2"]
[EndTime "14:19:23 PDT"]
[Termination "Game drawn by stalemate"]

1. g3 e5 2. Bg2 d5 3. b3 Nc6 4.
Bb2 Be6 5. d3 Qd7 6. Nd2 f6 7.
e3 O-O-O 8. a3 h5 9. h3 Nh6 10. Ne2 Kb8 11. c4 dxc4 12. dxc4 a5 13. Qc2 Bf5 14. Ne4 Be7 15. N2c3 h4 16. g4 Bg6 17. Rd1 Qe6 18. Nd5 f5 19. gxf5 Nxf5 20. Qe2 Bh5 21.
Bf3 Bxf3 22. Qxf3 Rhf8 23. Qg4 Qf7 24. O-O Nd6 25. Kh2 Nxe4 26. Qxe4 Bd6 27. b4 axb4 28. axb4 Nxb4 29. Nxb4 Bxb4 30. Rxd8+ Rxd8 31. Bxe5 g5 32. Kh1 Rd2 33. f4 gxf4 34. Bxf4 Qd7 35. Qf3 Bd6 36. Rb1 c6 37. Rd1 Rxd1+ 38. Qxd1 Kc7 39. Bxd6+ Qxd6 40. Qg4 Qf6 41. Kg2 b5 42. cxb5 cxb5 43. e4 Kd6 44. Qe2 Qg5+ 45. Kf1 Qf4+ 46. Ke1 Qg3+ 47. Kd2 Qe5 48.
Qd3+ Kc5 49. Qa3+ Kb6 50. Qe3+ Qc5 51. Qxc5+ Kxc5 52. Kc3 Kd6 53. Kb4 Ke5 54. Kxb5 Kxe4 55. Kc4 Kf3 56. Kd3 Kg3 57. Ke3 Kxh3 58. Kf3 Kh2 59. Kf2 h3 60. Kf1 Kh1 61. Kf2 h2 62.
Kf1 1/2-1/2

[Event "*** Titled Tuesday 3|2 Blitz"]
[Site "Chess.com"]
[Date "2017.05.02"]
[Round "6"]
[White "Saitama_Hero"]
[Black "scrapnel"]
[Result "0-1"]
[WhiteElo "2270"]
[BlackElo "2481"]
[TimeControl "180+2"]
[EndTime "14:19:24 PDT"]
[Termination "scrapnel won by resignation"]

1. d4 Nf6 2. c4 e6 3. Nc3 Bb4 4. f3 d5 5. a3 Bxc3+ 6. bxc3 c5 7. cxd5 Nxd5 8. dxc5 Qa5 9. e4 Nf6 10. Be3 O-O 11. Qb3 Nfd7 12. Bb5 Qc7 13. Qb4 Nc6 14. Bxc6 bxc6 15. Ne2 a5 16. Qd4 Ba6 17. Kf2 Ne5 18. Qd6 Nd3+ 19. Kg3 Rac8 20. Rhd1 Bc4 21.
Nf4 Nxf4 22. Bxf4 Qa7 23. Rab1 f6 24. Qd4 Be2 25. Qd7 Qxd7 26. Rxd7 e5 27. Be3 Bb5 28.
a4 Bxa4 29. Rbb7 Kh8 30. Rxg7 Rg8 31. Rxg8+ Rxg8+ 32. Kf2 Bc2 33. Ra7 a4 34. Bh6 Rg6 35. Bf8 Kg8 36. Bd6 h5 37. h4 Bb3 38. Ra6 Rg7 39.
Ra8+ Kf7 40. g3 Ke6 41. f4 exf4 42. gxf4 f5 43. e5 Kd5 44. Kf3 Bd1+ 45. Kf2 Bb3 46. Bf8 Rg4 47. Rd8+ Ke6 48. Rd6+ Kf7 49. Rf6+ Ke8 50.
Bd6 Kd7 51. Rh6 a3 52. Rh7+ Ke6 53. Ra7 Rxf4+ 54. Ke3 Ra4 55. Re7+ Kd5 56. Rd7 a2 57. e6 a1=Q 58. Re7 Qe1+ 59. Kd3 Bc4+ 0-1

[Event "*** Titled Tuesday 3|2 Blitz"]
[Site "Chess.com"]
[Date "2017.05.02"]
[Round "6"]
[White "spectralsoul"]
[Black "TricksOnly"]
[Result "1-0"]
[WhiteElo "2647"]
[BlackElo "2419"]
[TimeControl "180+2"]
[EndTime "14:19:26 PDT"]
[Termination "spectralsoul won on time"]

1. Nf3 d5 2. c4 d4 3. b4 c5 4. e3 f6 5. exd4 cxd4 6. c5 e5 7.
Bc4 Bg4 8. Qb3 Nh6 9. h3 Bh5 10. O-O Bf7 11. d3 Bxc4 12. Qxc4 Nf7 13. Re1 Be7 14.
Nbd2 O-O 15. Nb3 Nc6 16. Bd2 Qd7 17. b5 Nd8 18. a4 Ne6 19. Bb4 Rfc8 20. Rac1 Nfd8 21.
Na5 Bxc5 22. Qb3 Bxb4 23. Qxb4 Rxc1 24. Rxc1 Rc8 25. Nc4 Nf4 26. Qd2 Nf7 27. Kh2 h6 28. Ng1 Nd5 29. Ne2 Kh7 30. Na5 Rxc1 31. Qxc1 Nd6 32.
Qc5 Nb6 33. Ng3 Nxa4 34. Qxa7 Qxb5 35. Qb8 Qxa5 36. Qxd6 Qb6 37. Qe7 Qc5 38. Qxb7 Nc3 39. Nf5 Qf8 40. h4 Kh8 41. h5 Ne2 42. g3 Nc1 43. Nh4 Qe8 44. Ng6+ Kh7 45. Qe4 Kg8 46. f4 Kf7 47. fxe5 fxe5 48. Nxe5+ Kg8 49. Qf5 Ne2 50. Ng6 Nc3 51. Kh3 Nb5 52. Qd5+ Kh7 53. Nf4 Nc7 54. Qxd4 1-0

[Event "*** Titled Tuesday 3|2 Blitz"]
[Site "Chess.com"]
[Date "2017.05.02"]
[Round "6"]
[White "TheNextLevelFan"]
[Black "Malev212"]
[Result "1-0"]
[WhiteElo "2406"]
[BlackElo "2469"]
[TimeControl "180+2"]
[EndTime "14:19:33 PDT"]
[Termination "TheNextLevelFan won on time"]

1. d4 Nf6 2. c4 e6 3. Nc3 Bb4 4.
Nf3 b6 5. e3 Bb7 6. Bd2 O-O 7.
Bd3 d5 8. cxd5 exd5 9. O-O Bd6 10. Nb5 Be7 11. Ne5 c5 12. Nc3 Nc6 13. f4 cxd4 14.
Nxc6 Bxc6 15. exd4 Qd7 16. Qf3 b5 17. Rae1 b4 18.
Ne2 Ne4 19. Be3 f5 20. Ng3 Bb5 21. Qd1 Bd6 22. Rf3 Rae8 23. Nf1 Re6 24. Qb3 Bxd3 25. Qxd3 Rc8 26. Ng3 g6 27. Ne2 Rce8 28. Nc1 Bc7 29. Nb3 Bb6 30. Rc1 Qa4 31. Qb1 Nf6 32. Bd2 Re2 33.
Re1 Qb5 34. Re3 R8xe3 35. Bxe3 Ng4 36. Bd2 a5 37. h3 Nf6 38. Rxe2 Qxe2 39. Qf1 Qxf1+ 40.
Kxf1 Ne4 41. Be3 Kf7 42. Ke2 Ke7 43. Nd2 a4 44. Nf3 Kd6 45. Kd3 Kc6 46. Ng5 h6 47. Nf7 h5 48. Ne5+ Kb5 49. Nxg6 a3 50. bxa3 bxa3 51.
Ne7 Nf6 52. Nxf5 Ba5 53. Nd6+ Kc6 54. Nf7 Ne4 55. g4 hxg4 56. hxg4 Nc3 57. Bd2 Nxa2 58. Bxa5 Nc1+ 59. Kc2 a2 60. Bc3 Ne2 61. Ba1 Nxf4 62. Kb3 1-0

[Event "*** Titled Tuesday 3|2 Blitz"]
[Site "Chess.com"]
[Date "2017.05.02"]
[Round "6"]
[White "SerGo055"]
[Black "GMBenjaminBok"]
[Result "0-1"]
[WhiteElo "2403"]
[BlackElo "2671"]
[TimeControl "180+2"]
[EndTime "14:19:34 PDT"]
[Termination "GMBenjaminBok won by resignation"]

1. d4 Nf6 2. Nf3 b6 3. Bf4 Bb7 4. e3 g6 5. Be2 Bg7 6. h3 O-O 7. O-O c5 8. c3 d6 9. Bh2 Nbd7 10. a4 a6 11. Nbd2 Qc7 12. Qb3 Rac8 13. Rfe1 Qb8 14. Bc4 Qa8 15. Ng5 Bd5 16. Bxd5 Qxd5 17. Qxd5 Nxd5 18.
e4 Nc7 19. e5 cxd4 20. cxd4 dxe5 21. dxe5 e6 22. Nc4 Nd5 23. Rac1 Rc7 24. Nd6 Rxc1 25. Rxc1 Bxe5 26. Ngxf7 Bxh2+ 27. Kxh2 Rxf7 28. Nxf7 Kxf7 29. Rc8 a5 30. Kg3 Nc5 31. Rh8 h5 32. Rc8 Nxa4 33.
Rc2 Nc5 34. Kh4 Kf6 35. g4 hxg4 36. hxg4 g5+ 37. Kh5 a4 38. Kh6 Nd3 39. Kh5 b5 40. Kh6 b4 41. Rd2 Ne5 42. Rd4 Nf3 43. Rc4 Ke5 44. Rc6 Nd4 45. Ra6 a3 46. bxa3 b3 47. Ra8 Nc6 48. Rf8 b2 49. Kxg5 b1=Q 50. f4+ Nxf4 51. a4 Qg6+ 52. Kh4 Qh6+ 0-1

[Event "*** Titled Tuesday 3|2 Blitz"]
[Site "Chess.com"]
[Date "2017.05.02"]
[Round "6"]
[White "heartofatiger"]
[Black "DavidForthoffer"]
[Result "1-0"]
[WhiteElo "1861"]
[BlackElo "2098"]
[TimeControl "180+2"]
[EndTime "14:19:38 PDT"]
[Termination "heartofatiger won by resignation"]

1. d4 c6 2. e4 d5 3. exd5 cxd5 4. c4 Nf6 5. Nc3 e6 6. Nf3 Be7 7. cxd5 Nxd5 8. Bd3 Nf6 9. O-O Nbd7 10. Re1 O-O 11.
a3 Nb6 12. Bc2 Nbd5 13. Qd3 b6 14. Bg5 g6 15. Bh6 Re8 16. Ne5 Bb7 17. Ba4 Rf8 18.
Bxf8 Bxf8 19. Rad1 Bg7 20. Bb3 Qd6 21. Nxd5 Nxd5 22.
Qg3 Rd8 23. Bc2 Ne7 24. h4 Nc6 25. Be4 Nxd4 26. Rxd4 Qxd4 27. Bxb7 Qxb2 28. Nc6 Rd7 29. Bc8 Rd2 30. Ne7+ Kf8 31. Nc6 Bf6 32. Qf3 Kg7 33.
g3 h5 34. Ba6 Rc2 35. Re2 Qc1+ 36. Kh2 Rxc6 37. a4 Rc3 38. Qe4 Qd1 39. Re1 Qd4 40.
Qxd4 Bxd4 41. Re2 e5 42. Bb5 f5 43. Kg2 e4 44. Rd2 Bc5 45. Rd7+ Kf6 46. Rd2 Ra3 47. Rc2 a6 48. Bxa6 Rxa4 49. Be2 Ra3 50. f3 exf3+ 51.
Bxf3 Ke5 52. Re2+ Kd6 53. Rd2+ Kc7 54. Re2 Rd3 55. Re6 Rd6 56. Re2 b5 57. Rb2 Kb6 58. Be2 b4 59. Bc4 Rd4 60. Bf7 Rd6 61. Rb3 Kb5 62.
Kf3 Bd4 63. Kf4 Bf6 64. Bxg6 Be5+ 65. Kxf5 Bxg3 66. Rxg3 Ka4 67. Be8+ Ka5 68. Bxh5 Rc6 69. Bf7 Rc3 70. Rxc3 bxc3 71. Bb3 Kb4 72. Bd1 1-0

[Event "*** Titled Tuesday 3|2 Blitz"]
[Site "Chess.com"]
[Date "2017.05.02"]
[Round "6"]
[White "pKiLz5Rn9b"]
[Black "Rikikits"]
[Result "0-1"]
[WhiteElo "2452"]
[BlackElo "2576"]
[TimeControl "180+2"]
[EndTime "14:19:41 PDT"]
[Termination "Rikikits won by resignation"]

1. d4 g6 2. Nf3 Bg7 3. e4 d6 4. Nc3 a6 5. a4 Nd7 6. Bc4 e6 7. a5 Ne7 8. O-O O-O 9. Re1 b5 10.
axb6 cxb6 11. Qe2 Bb7 12. Bb3 b5 13. Bf4 Nb6 14. e5 Nf5 15. Rad1 Rc8 16. d5 Rxc3 17. bxc3 Nxd5 18. Bxd5 Bxd5 19. Nd4 Nxd4 20. Rxd4 dxe5 21. Bxe5 Qg5 22. f4 Qf5 23. Bxg7 Kxg7 24. Ra1 Rc8 25. Qd2 Rc6 26. h3 h5 27. Kh2 Qf6 28. Qe3 Kh7 29. Qd2 Qe7 30. Rd3 Qc7 31. g4 h4 32.
Re1 Rc4 33. Re5 b4 34. Kg1 bxc3 35. Qf2 Kg7 36. Rd4 a5 37. g5 Qc5 38. Rxc4 Qxc4 39.
Qxh4 Qd4+ 40. Qf2 Qb4 41. Re1 a4 42. Qe3 a3 43. Qe5+ Kg8 44. f5 gxf5 45. Qe3 a2 46. g6 fxg6 47. Qg3 Qd4+ 48. Kh2 Kg7 49. Qc7+ Kh6 50. Qg3 g5 51. Rf1 Qd2+ 52. Kg1 f4 53.
Qg4 Qd4+ 54. Kh2 Qd2+ 55. Kg1 Qe3+ 56. Kh2 Qd2+ 57. Kg1 Qxc2 58. h4 Qf5 59. hxg5+ Qxg5 60. Qxg5+ Kxg5 61. Kf2 Be4 0-1

[Event "*** Titled Tuesday 3|2 Blitz"]
[Site "Chess.com"]
[Date "2017.05.02"]
[Round "6"]
[White "Ilja_Semjonovs"]
[Black "Bryakin_Mikhail"]
[Result "1/2-1/2"]
[WhiteElo "2242"]
[BlackElo "2524"]
[TimeControl "180+2"]
[EndTime "14:19:44 PDT"]
[Termination "Game drawn by repetition"]

1. d4 Nf6 2. Nf3 e6 3. Bg5 Be7 4. Bxf6 gxf6 5. g3 d5 6. c3 c5 7. e3 Nc6 8. Nbd2 b6 9. Bd3 Bb7 10. O-O e5 11. dxe5 fxe5 12. e4 d4 13. Bb5 Qc7 14. cxd4 exd4 15. Rc1 O-O-O 16. b4 Nxb4 17. a3 Na2 18. Ra1 Nc3 19. Qb3 Nxb5 20. Qxb5 Kb8 21. a4 Qd7 22. Qb3 Qe6 23. Qb2 f5 24. exf5 Qc6 25. a5 Bg5 26. axb6 Bxd2 27. Rxa7 Qxf3 28. Rxb7+ Qxb7 29. Qxd2 Rd6 30. Qf4 Rd8 31. f6 Qf7 32.
Ra1 Qxf6 33. Qe4 Rd5 34. Qxh7 Qxb6 35. Rb1 Qxb1+ 36. Qxb1+ Kc7 37. Qd3 Rb8 38. h4 Rb4 39.
Qe4 Rd6 40. Qe7+ Kc6 41. Qe8+ Kd5 42. Qf7+ Kc6 43. Qe8+ Rd7 44. Qe4+ Kb6 45. Qe6+ Kc7 46. Qe5+ Kc6 47. Qe6+ Rd6 48. Qe8+ Kd5 49. Qf7+ Kc6 50. Qe8+ Rd7 51. Qe4+ Kb5 52. Qe8 Kc6 53. Qe4+ Rd5 54. Qe6+ Rd6 55. Qe8+ 1/2-1/2

[Event "*** Titled Tuesday 3|2 Blitz"]
[Site "Chess.com"]
[Date "2017.05.02"]
[Round "6"]
[White "cailinchetty"]
[Black "WeiYi1999"]
[Result "0-1"]
[WhiteElo "1929"]
[BlackElo "2077"]
[TimeControl "180+2"]
[EndTime "14:19:49 PDT"]
[Termination "WeiYi1999 won by resignation"]

1. e4 d5 2. exd5 Qxd5 3. Nc3 Qa5 4. d4 c6 5. Bd2 Bf5 6. Nf3 Nf6 7. Nh4 Bg6 8. Nxg6 hxg6 9. Bd3 Nbd7 10. Bc4 e5 11. dxe5 Qxe5+ 12. Be3 Bc5 13. Qf3 O-O-O 14. O-O-O Bxe3+ 15.
fxe3 Nb6 16. Bb3 Rxd1+ 17. Rxd1 Rxh2 18. Bxf7 g5 19. e4 g4 20. Qd3 Nbd7 21. g3 a5 22. Ne2 b5 23. Nd4 Kc7 24. Ne6+ Kb8 25. Re1 a4 26. a3 Nc5 27. Qd8+ Kb7 28. Qe7+ Kb6 29. Qd8+ Kb7 30. Qe7+ Kb6 31. Qd8+ Kb7 32. Qe7+ Kb6 33. Qd8+ Ka6 34. Qa8+ Kb6 35. Qd8+ Ka7 36. Qe7+ Nb7 37. Kb1 Nxe4 38. Kc1 Qd5 39. Rd1 Qa2 40. Qxb7+ Kxb7 41. Nd8+ Kb6 42. Bxa2 Nxg3 43. Be6 Ne2+ 44. Kb1 g3 45. Bd7 g2 46. Bxc6 g1=Q 47. Rxg1 Nxg1 48. Be4 g5 49. Ne6 g4 50. Nf4 g3 51. Nd5+ Kc5 52. Ne3 Re2 53.
Nf1 Re1+ 54. Ka2 Rxf1 55. Bg2 Rf2 56. Ba8 Ne2 57. Bb7 g2 58. Bxg2 Rxg2 59. b3 axb3+ 0-1